[ AOE2 MATCH · #467934033 ]
Team RMGoths vs Wei
[ REPLAY ANALYSIS · EXTRACTED FROM THE RECORDED GAME ]
Feudal
16:47
Castle
22:19
Imperial
—
| APM avg | 15.8 |
| APM peak | 48 |
| eAPM avg | 12.0 |
| Villagers / military | 165 / 0 |
Focus
⚔️ 6.2% · 🌾 93.8%
Feudal
12:49
Castle
17:11
Imperial
31:21
| APM avg | 18.7 |
| APM peak | 55 |
| eAPM avg | 14.1 |
| Villagers / military | 147 / 118 |
Focus
⚔️ 21.8% · 🌾 78.2%
Monaspa ×107 · Trebuchet (Packed) ×8 · Monk ×3 · Trade Cart ×3
Feudal
10:55
Castle
16:11
Imperial
28:57
| APM avg | 26.1 |
| APM peak | 54 |
| eAPM avg | 15.3 |
| Villagers / military | 191 / 65 |
Focus
⚔️ 11.6% · 🌾 88.4%
War Elephant ×49 · Bombard Cannon ×15 · Monk ×1
Feudal
15:23
Castle
21:58
Imperial
39:06
| APM avg | 12.8 |
| APM peak | 39 |
| eAPM avg | 10.2 |
| Villagers / military | 80 / 42 |
Focus
⚔️ 12.8% · 🌾 87.2%
Camel Scout ×36 · Mameluke ×5 · Monk ×1
Feudal
12:03
Castle
16:03
Imperial
32:51
| APM avg | 27.4 |
| APM peak | 59 |
| eAPM avg | 19.7 |
| Villagers / military | 132 / 24 |
Focus
⚔️ 21.1% · 🌾 78.9%
Unknown (1968) ×76 · Spearman ×20 · Trade Cart ×5 · Unknown (1942) ×5 · Skirmisher ×4 · Unknown (1978) ×1
Feudal
12:21
Castle
18:01
Imperial
33:52
| APM avg | 21.0 |
| APM peak | 45 |
| eAPM avg | 17.0 |
| Villagers / military | 201 / 115 |
Focus
⚔️ 22.3% · 🌾 77.7%
Spearman ×115 · Unknown (1949) ×55 · Unknown (1942) ×34 · Trade Cart ×13 · Unknown (1944) ×9
Feudal
16:42
Castle
22:41
Imperial
—
| APM avg | 13.6 |
| APM peak | 37 |
| eAPM avg | 11.3 |
| Villagers / military | 117 / 25 |
Focus
⚔️ 15.7% · 🌾 84.3%
Mangonel ×14 · Trade Cart ×5 · Battering Ram ×5 · Militia ×3 · Scorpion ×3
Feudal
15:22
Castle
20:49
Imperial
—
| APM avg | 12.8 |
| APM peak | 59 |
| eAPM avg | 10.5 |
| Villagers / military | 81 / 53 |
Focus
⚔️ 32.0% · 🌾 68.0%
Archer ×36 · Skirmisher ×17
Match map
Initial resources + every placement click. Lines = walls · curves = elevation contours. ◆ gold · ⬟ stone · ● berries · ✦ relic · ◌ wall gap
Your base· Open — opponent sealed themselves in
traveller's base· Open — opponent sealed themselves in
Mr.Young's base· ✓ Closed at 16:11 · 0t walls · no gate
carlos434's base· Open — opponent sealed themselves in
FUfuu's base· ✓ Closed at 16:03 · 51t walls · no gate
來一杯玫瑰舒暢's base· ✓ Closed at 18:01 · 0t walls · no gate
Nack18 CL's base· Open — opponent sealed themselves in
youngchuan's base· ✓ Closed at 20:49 · 53t walls · 5 gate(s)
Smoothed initial terrain · ◌ = detected wall gap · hover for details
Inputs per minute
— yougetcs - - traveller
Build order — yougetcs
First 150 of 308 actions detected
| 7:02 | Build | House |
| 7:03 | Build | House |
| 7:06 | Create | Villager (Male) |
| 7:06 | Create | Villager (Male) |
| 7:07 | Create | Villager (Male) |
| 7:07 | Create | Villager (Male) |
| 7:07 | Create | Villager (Male) |
| 8:37 | Create | Villager (Male) |
| 8:37 | Create | Villager (Male) |
| 9:11 | Create | Villager (Male) |
| 9:11 | Create | Villager (Male) |
| 9:18 | Create | Villager (Male) |
| 9:18 | Create | Villager (Male) |
| 9:48 | Create | Villager (Male) |
| 9:48 | Create | Villager (Male) |
| 9:58 | Create | Villager (Male) |
| 9:58 | Create | Villager (Male) |
| 10:04 | Build | House |
| 10:09 | Build | Lumber Camp |
| 10:50 | Create | Villager (Male) |
| 10:50 | Create | Villager (Male) |
| 11:14 | Create | Villager (Male) |
| 11:15 | Create | Villager (Male) |
| 12:02 | Create | Villager (Male) |
| 12:02 | Create | Villager (Male) |
| 12:03 | Create | Villager (Male) |
| 12:35 | Create | Villager (Male) |
| 12:35 | Create | Villager (Male) |
| 13:01 | Build | Mill |
| 13:07 | Create | Villager (Male) |
| 13:07 | Create | Villager (Male) |
| 13:08 | Create | Villager (Male) |
| 13:23 | Build | House |
| 13:57 | Create | Villager (Male) |
| 14:13 | Build | Mining Camp |
| 14:37 | Research | Feudal Age |
| 14:37 | Research | Feudal Age |
| 15:48 | Build | Farm |
| 15:50 | Build | Farm |
| 16:08 | Build | Farm |
| 16:47 | Age | Feudal Age |
| 17:15 | Build | Blacksmith |
| 18:48 | Build | Market |
| 19:39 | Research | Castle Age |
| 19:49 | Research | Double-Bit Axe |
| 19:51 | Research | Horse Collar |
| 20:48 | Build | Farm |
| 20:51 | Build | Farm |
| 20:57 | Build | Farm |
| 21:03 | Build | Farm |
| 21:08 | Build | House |
| 21:11 | Build | House |
| 21:51 | Build | House |
| 22:19 | Age | Castle Age |
| 22:21 | Build | Town Center |
| 22:23 | Create | Villager (Male) |
| 22:24 | Create | Villager (Male) |
| 23:09 | Create | Villager (Male) |
| 23:09 | Create | Villager (Male) |
| 23:15 | Research | Bow Saw |
| 23:56 | Create | Villager (Male) |
| 23:56 | Create | Villager (Male) |
| 23:56 | Create | Villager (Male) |
| 24:00 | Create | Villager (Male) |
| 24:31 | Build | Town Center |
| 24:33 | Create | Villager (Male) |
| 24:34 | Create | Villager (Male) |
| 24:53 | Build | Farm |
| 24:56 | Build | Farm |
| 24:58 | Build | Farm |
| 25:16 | Build | House |
| 25:17 | Build | House |
| 25:18 | Build | House |
| 25:42 | Create | Villager (Male) |
| 25:43 | Create | Villager (Male) |
| 25:47 | Build | Farm |
| 25:49 | Build | Farm |
| 25:54 | Build | Farm |
| 25:55 | Create | Villager (Male) |
| 25:57 | Create | Villager (Male) |
| 25:58 | Create | Villager (Male) |
| 25:59 | Create | Villager (Male) |
| 25:59 | Create | Villager (Male) |
| 26:14 | Create | Villager (Male) |
| 26:15 | Create | Villager (Male) |
| 26:33 | Create | Villager (Male) |
| 26:34 | Create | Villager (Male) |
| 26:37 | Build | Farm |
| 26:44 | Build | Lumber Camp |
| 26:54 | Build | Farm |
| 26:57 | Build | Farm |
| 27:03 | Build | Farm |
| 27:06 | Build | Farm |
| 27:11 | Build | House |
| 27:12 | Build | House |
| 27:19 | Create | Villager (Male) |
| 27:19 | Create | Villager (Male) |
| 27:19 | Create | Villager (Male) |
| 27:20 | Create | Villager (Male) |
| 27:20 | Create | Villager (Male) |
| 27:25 | Create | Villager (Male) |
| 27:25 | Create | Villager (Male) |
| 27:39 | Create | Villager (Male) |
| 27:44 | Create | Villager (Male) |
| 27:44 | Create | Villager (Male) |
| 27:58 | Build | Town Center |
| 28:06 | Create | Villager (Male) |
| 28:07 | Create | Villager (Male) |
| 28:13 | Build | House |
| 28:24 | Create | Villager (Male) |
| 28:25 | Create | Villager (Male) |
| 28:30 | Create | Villager (Male) |
| 28:30 | Create | Villager (Male) |
| 28:35 | Build | Farm |
| 28:36 | Build | Farm |
| 28:39 | Build | Farm |
| 28:45 | Build | Farm |
| 28:46 | Build | Farm |
| 28:47 | Build | Farm |
| 28:51 | Build | Farm |
| 28:54 | Build | Farm |
| 28:57 | Create | Villager (Male) |
| 28:58 | Create | Villager (Male) |
| 28:58 | Create | Villager (Male) |
| 29:05 | Create | Villager (Male) |
| 29:05 | Create | Villager (Male) |
| 29:13 | Create | Villager (Male) |
| 29:13 | Create | Villager (Male) |
| 29:14 | Create | Villager (Male) |
| 29:14 | Create | Villager (Male) |
| 29:23 | Build | House |
| 29:29 | Create | Villager (Male) |
| 29:37 | Create | Villager (Male) |
| 30:06 | Build | Farm |
| 30:07 | Build | Farm |
| 30:08 | Build | Farm |
| 30:09 | Build | Farm |
| 30:10 | Build | Farm |
| 30:11 | Build | Farm |
| 30:12 | Build | Mill |
| 30:18 | Build | Mill |
| 30:22 | Build | House |
| 30:24 | Build | House |
| 30:27 | Create | Villager (Male) |
| 30:27 | Create | Villager (Male) |
| 30:27 | Create | Villager (Male) |
| 30:27 | Create | Villager (Male) |
| 30:28 | Create | Villager (Male) |
| 30:28 | Create | Villager (Male) |
| 30:28 | Create | Villager (Male) |
Build order — traveller
First 150 of 314 actions detected
| 0:02 | Research | Loom |
| 0:04 | Build | House |
| 0:05 | Build | House |
| 0:06 | Build | House |
| 0:25 | Create | Villager (Male) ×4 |
| 2:08 | Create | Villager (Male) |
| 2:09 | Create | Villager (Male) |
| 2:43 | Create | Villager (Male) |
| 2:44 | Create | Villager (Male) |
| 2:44 | Create | Villager (Male) |
| 2:57 | Create | Villager (Male) |
| 2:57 | Create | Villager (Male) |
| 3:31 | Create | Villager (Male) |
| 3:31 | Create | Villager (Male) |
| 3:47 | Create | Villager (Male) |
| 3:47 | Create | Villager (Male) |
| 3:54 | Create | Villager (Male) |
| 3:54 | Create | Villager (Male) |
| 3:54 | Create | Villager (Male) |
| 4:26 | Create | Villager (Male) |
| 4:26 | Create | Villager (Male) |
| 4:26 | Create | Villager (Male) |
| 4:44 | Create | Villager (Male) |
| 4:44 | Create | Villager (Male) |
| 5:32 | Build | House |
| 5:33 | Build | House |
| 5:39 | Create | Villager (Male) ×2 |
| 5:40 | Create | Villager (Male) ×2 |
| 6:15 | Create | Villager (Male) |
| 6:16 | Create | Villager (Male) |
| 6:42 | Create | Villager (Male) |
| 6:42 | Create | Villager (Male) |
| 6:42 | Create | Villager (Male) |
| 6:42 | Create | Villager (Male) |
| 6:43 | Create | Villager (Male) |
| 6:43 | Create | Villager (Male) |
| 6:56 | Build | Mill |
| 7:31 | Create | Villager (Male) ×2 |
| 7:31 | Create | Villager (Male) ×2 |
| 7:32 | Create | Villager (Male) ×2 |
| 7:54 | Build | Mule Cart |
| 8:51 | Create | Villager (Male) |
| 9:22 | Create | Villager (Male) |
| 9:29 | Create | Villager (Male) |
| 10:18 | Build | Farm |
| 10:29 | Research | Feudal Age |
| 10:56 | Build | Barracks |
| 11:57 | Build | House |
| 11:59 | Build | Farm |
| 12:07 | Create | Villager (Male) |
| 12:49 | Age | Feudal Age |
| 12:53 | Research | Double-Bit Axe |
| 12:56 | Build | Blacksmith |
| 13:04 | Create | Villager (Male) |
| 13:20 | Build | Market |
| 13:24 | Create | Villager (Male) |
| 13:40 | Build | Farm |
| 13:48 | Create | Villager (Male) |
| 13:58 | Build | Farm |
| 14:15 | Build | Farm |
| 14:31 | Research | Castle Age |
| 14:52 | Build | Farm |
| 14:56 | Build | Farm |
| 15:06 | Build | House |
| 15:10 | Research | Gold Mining |
| 15:10 | Research | Gold Mining |
| 15:20 | Build | Farm |
| 15:31 | Build | Farm |
| 15:37 | Build | Farm |
| 15:50 | Build | Farm |
| 16:37 | Build | Farm |
| 17:11 | Age | Castle Age |
| 17:14 | Build | Town Center |
| 17:19 | Create | Villager (Male) |
| 17:20 | Create | Villager (Male) |
| 17:41 | Research | Bow Saw |
| 18:01 | Build | Town Center |
| 18:05 | Create | Villager (Male) |
| 18:25 | Create | Villager (Male) ×5 |
| 18:39 | Create | Villager (Male) |
| 18:40 | Create | Villager (Male) |
| 18:41 | Create | Villager (Male) |
| 18:46 | Research | Stone Mining |
| 18:54 | Build | Monastery |
| 19:22 | Research | Horse Collar |
| 19:27 | Research | Sanctity |
| 19:27 | Create | Monk |
| 19:36 | Create | Monk |
| 19:41 | Research | Wheelbarrow |
| 19:48 | Create | Villager (Male) |
| 19:49 | Create | Villager (Male) |
| 19:49 | Create | Villager (Male) |
| 20:03 | Create | Villager (Male) |
| 20:03 | Create | Villager (Male) |
| 20:03 | Create | Villager (Male) |
| 20:11 | Build | House |
| 20:12 | Build | House |
| 20:14 | Build | House |
| 20:21 | Create | Villager (Male) |
| 20:21 | Create | Villager (Male) |
| 20:21 | Create | Villager (Male) |
| 20:29 | Create | Villager (Male) |
| 20:29 | Create | Villager (Male) |
| 20:29 | Create | Villager (Male) |
| 20:39 | Research | Fervor |
| 20:41 | Create | Villager (Male) |
| 20:41 | Create | Villager (Male) |
| 20:41 | Create | Villager (Male) |
| 20:46 | Build | Farm |
| 20:52 | Create | Villager (Male) |
| 20:52 | Create | Villager (Male) |
| 20:52 | Create | Villager (Male) |
| 21:02 | Create | Villager (Male) |
| 21:02 | Create | Villager (Male) |
| 21:02 | Create | Villager (Male) |
| 21:09 | Build | Farm |
| 21:09 | Build | Farm |
| 21:09 | Build | Farm |
| 21:09 | Build | Farm |
| 21:18 | Create | Villager (Male) |
| 21:36 | Create | Villager (Male) |
| 21:42 | Create | Villager (Male) |
| 21:42 | Research | Town Watch |
| 21:44 | Research | Town Watch |
| 22:01 | Create | Villager (Male) |
| 22:01 | Create | Villager (Male) |
| 22:01 | Create | Villager (Male) |
| 22:23 | Create | Villager (Male) |
| 22:23 | Create | Villager (Male) |
| 22:23 | Create | Villager (Male) |
| 22:27 | Create | Villager (Male) |
| 22:27 | Create | Villager (Male) |
| 22:28 | Create | Villager (Male) |
| 22:34 | Create | Villager (Male) |
| 22:35 | Create | Villager (Male) |
| 22:35 | Create | Villager (Male) |
| 22:57 | Build | Mill |
| 22:59 | Build | Farm |
| 22:59 | Build | Farm |
| 23:05 | Build | Farm |
| 23:06 | Build | Farm |
| 23:06 | Build | Farm |
| 23:08 | Build | Farm |
| 23:13 | Build | Farm |
| 23:15 | Create | Villager (Male) |
| 23:16 | Create | Villager (Male) |
| 23:16 | Create | Villager (Male) |
| 23:16 | Create | Villager (Male) |
| 23:16 | Create | Villager (Male) |
| 23:16 | Create | Villager (Male) |
Build order — Mr.Young
First 150 of 293 actions detected
| 0:08 | Create | Villager (Male) |
| 0:08 | Create | Villager (Male) |
| 0:08 | Create | Villager (Male) |
| 0:09 | Create | Villager (Male) |
| 0:09 | Create | Villager (Male) |
| 0:15 | Build | House |
| 0:17 | Build | House |
| 1:33 | Create | Villager (Male) |
| 1:59 | Build | Lumber Camp |
| 2:25 | Create | Villager (Male) |
| 2:25 | Create | Villager (Male) |
| 2:26 | Create | Villager (Male) |
| 2:26 | Create | Villager (Male) |
| 3:13 | Create | Villager (Male) |
| 3:19 | Create | Villager (Male) |
| 3:24 | Build | House |
| 4:05 | Create | Villager (Male) |
| 4:05 | Create | Villager (Male) |
| 4:23 | Create | Villager (Male) |
| 4:24 | Create | Villager (Male) |
| 4:24 | Create | Villager (Male) |
| 4:43 | Build | Mill |
| 4:54 | Create | Villager (Male) |
| 4:54 | Create | Villager (Male) |
| 5:22 | Create | Villager (Male) |
| 5:22 | Create | Villager (Male) |
| 5:24 | Build | Farm |
| 5:30 | Create | Villager (Male) |
| 5:30 | Create | Villager (Male) |
| 5:31 | Create | Villager (Male) |
| 5:48 | Build | House |
| 5:54 | Build | House |
| 5:55 | Create | Villager (Male) |
| 5:55 | Create | Villager (Male) |
| 6:31 | Create | Villager (Male) |
| 6:31 | Create | Villager (Male) |
| 7:05 | Build | Farm |
| 7:07 | Create | Villager (Male) |
| 7:07 | Create | Villager (Male) |
| 7:45 | Create | Villager (Male) |
| 8:17 | Create | Villager (Male) |
| 8:52 | Research | Feudal Age |
| 9:52 | Create | Villager (Male) |
| 9:52 | Create | Villager (Male) |
| 9:56 | Build | House |
| 10:55 | Age | Feudal Age |
| 11:04 | Build | Market |
| 11:34 | Build | Blacksmith |
| 11:39 | Create | Villager (Male) |
| 12:01 | Create | Villager (Male) |
| 12:37 | Create | Villager (Male) |
| 12:56 | Create | Villager (Male) |
| 13:03 | Build | House |
| 13:45 | Research | Castle Age |
| 13:46 | Research | Castle Age |
| 14:26 | Research | Double-Bit Axe |
| 14:26 | Research | Double-Bit Axe |
| 14:31 | Research | Horse Collar |
| 14:31 | Research | Horse Collar |
| 14:31 | Research | Horse Collar |
| 14:33 | Build | Farm |
| 14:35 | Build | Farm |
| 14:36 | Build | Farm |
| 16:04 | Create | Villager (Male) |
| 16:04 | Create | Villager (Male) |
| 16:11 | Age | Castle Age |
| 16:13 | Build | Town Center |
| 16:27 | Build | Town Center |
| 16:42 | Build | Farm |
| 16:43 | Build | Farm |
| 16:44 | Build | Farm |
| 16:45 | Create | Villager (Male) |
| 16:49 | Build | Farm |
| 17:17 | Create | Villager (Male) |
| 17:22 | Build | Farm |
| 17:33 | Create | Villager (Male) ×4 |
| 17:40 | Build | Farm |
| 17:41 | Build | Farm |
| 17:45 | Build | Farm |
| 17:46 | Build | Farm |
| 17:51 | Build | Farm |
| 17:53 | Build | Farm |
| 17:57 | Build | Farm |
| 18:02 | Create | Villager (Male) ×2 |
| 18:12 | Build | Farm |
| 18:15 | Build | Farm |
| 18:16 | Build | Farm |
| 18:19 | Create | Villager (Male) |
| 18:19 | Create | Villager (Male) |
| 18:19 | Create | Villager (Male) |
| 18:22 | Build | Farm |
| 18:24 | Create | Villager (Male) |
| 18:24 | Create | Villager (Male) |
| 18:35 | Create | Villager (Male) |
| 18:35 | Create | Villager (Male) |
| 18:43 | Build | House |
| 18:46 | Create | Villager (Male) |
| 18:46 | Create | Villager (Male) |
| 18:46 | Create | Villager (Male) |
| 18:53 | Build | Farm |
| 18:58 | Create | Villager (Male) |
| 18:59 | Create | Villager (Male) |
| 18:59 | Create | Villager (Male) |
| 19:00 | Create | Villager (Male) |
| 19:00 | Create | Villager (Male) |
| 19:08 | Build | House |
| 19:09 | Build | House |
| 19:12 | Create | Villager (Male) |
| 19:12 | Create | Villager (Male) |
| 19:13 | Create | Villager (Male) |
| 19:19 | Build | Farm |
| 19:21 | Build | Farm |
| 19:22 | Build | Farm |
| 19:24 | Create | Villager (Male) |
| 19:25 | Create | Villager (Male) ×2 |
| 19:25 | Create | Villager (Male) ×2 |
| 19:25 | Create | Villager (Male) |
| 19:32 | Create | Villager (Male) |
| 19:39 | Build | Farm |
| 19:43 | Build | Farm |
| 19:45 | Create | Villager (Male) |
| 19:45 | Create | Villager (Male) |
| 19:45 | Create | Villager (Male) |
| 19:50 | Build | House |
| 19:53 | Create | Villager (Male) |
| 19:53 | Create | Villager (Male) |
| 19:53 | Create | Villager (Male) |
| 19:55 | Create | Villager (Male) |
| 19:56 | Create | Villager (Male) |
| 19:58 | Build | Farm |
| 20:03 | Build | Farm |
| 20:05 | Create | Villager (Male) |
| 20:05 | Create | Villager (Male) |
| 20:05 | Create | Villager (Male) |
| 20:15 | Create | Villager (Male) |
| 20:15 | Create | Villager (Male) |
| 20:18 | Build | House |
| 20:21 | Create | Villager (Male) |
| 20:22 | Create | Villager (Male) |
| 20:25 | Build | Farm |
| 20:27 | Create | Villager (Male) |
| 20:27 | Create | Villager (Male) |
| 20:27 | Create | Villager (Male) |
| 20:31 | Create | Villager (Male) |
| 20:32 | Create | Villager (Male) |
| 20:38 | Build | Farm |
| 20:39 | Create | Villager (Male) |
| 20:40 | Create | Villager (Male) |
| 20:42 | Build | House |
| 20:55 | Build | Farm |
Build order — carlos434
First 150 of 199 actions detected
| 0:03 | Research | Loom |
| 0:03 | Create | Villager (Male) |
| 0:03 | Create | Villager (Male) |
| 0:03 | Create | Villager (Male) |
| 0:04 | Create | Villager (Male) |
| 0:08 | Build | House |
| 0:50 | Build | Palisade Wall |
| 2:43 | Build | Lumber Camp |
| 3:50 | Create | Villager (Male) |
| 4:55 | Create | Villager (Male) |
| 4:55 | Create | Villager (Male) |
| 5:28 | Build | House |
| 5:32 | Create | Villager (Male) |
| 5:32 | Create | Villager (Male) |
| 6:13 | Build | House |
| 6:28 | Create | Villager (Male) |
| 6:54 | Create | Villager (Male) |
| 7:20 | Create | Villager (Male) |
| 7:39 | Create | Villager (Male) |
| 7:55 | Create | Villager (Male) |
| 8:35 | Create | Villager (Male) |
| 9:00 | Create | Villager (Male) |
| 9:23 | Create | Villager (Male) |
| 9:33 | Build | Mill |
| 9:56 | Create | Villager (Male) |
| 10:40 | Create | Villager (Male) |
| 10:53 | Build | House |
| 11:11 | Create | Villager (Male) |
| 12:03 | Create | Villager (Male) |
| 12:08 | Build | Mining Camp |
| 13:13 | Research | Feudal Age |
| 13:26 | Build | House |
| 14:34 | Build | Mining Camp |
| 14:41 | Build | Mill |
| 14:59 | Create | Villager (Male) |
| 15:00 | Create | Villager (Male) |
| 15:00 | Create | Villager (Male) |
| 15:23 | Age | Feudal Age |
| 15:32 | Build | Watch Tower |
| 15:52 | Create | Villager (Male) |
| 16:59 | Create | Villager (Male) |
| 17:15 | Build | Market |
| 17:31 | Build | Farm |
| 18:12 | Build | Blacksmith |
| 18:39 | Build | Farm |
| 19:18 | Research | Castle Age |
| 19:39 | Research | Double-Bit Axe |
| 19:42 | Research | Horse Collar |
| 20:43 | Build | Farm |
| 20:43 | Build | Farm |
| 20:44 | Build | Farm |
| 20:45 | Build | Farm |
| 20:49 | Build | Farm |
| 20:53 | Build | Farm |
| 21:58 | Age | Castle Age |
| 22:01 | Create | Villager (Male) |
| 22:02 | Create | Villager (Male) |
| 22:02 | Create | Villager (Male) |
| 22:03 | Create | Villager (Male) |
| 22:45 | Create | Villager (Male) |
| 22:46 | Create | Villager (Male) |
| 23:05 | Build | Castle |
| 23:10 | Build | House |
| 23:18 | Research | Wheelbarrow |
| 23:33 | Build | Town Center |
| 23:48 | Create | Villager (Male) |
| 23:48 | Create | Villager (Male) |
| 24:44 | Create | Villager (Male) |
| 24:46 | Create | Villager (Male) |
| 25:06 | Build | University |
| 25:12 | Create | Villager (Male) |
| 25:19 | Create | Villager (Male) |
| 25:39 | Create | Mameluke |
| 25:48 | Build | Farm |
| 25:51 | Create | Villager (Male) |
| 25:51 | Create | Villager (Male) |
| 26:01 | Build | Farm |
| 26:10 | Research | Murder Holes |
| 26:43 | Build | Farm |
| 26:44 | Create | Villager (Male) |
| 26:47 | Build | Farm |
| 26:49 | Build | Farm |
| 26:51 | Create | Villager (Male) |
| 26:55 | Build | Farm |
| 27:07 | Create | Villager (Male) |
| 27:10 | Create | Villager (Male) |
| 27:30 | Build | Farm |
| 27:34 | Build | Farm |
| 27:35 | Create | Villager (Male) |
| 27:51 | Research | Masonry |
| 28:04 | Build | Town Center |
| 28:06 | Create | Villager (Male) |
| 28:09 | Build | Farm |
| 28:11 | Build | Farm |
| 28:13 | Create | Villager (Male) |
| 28:33 | Research | Town Watch |
| 28:39 | Build | Farm |
| 28:41 | Create | Villager (Male) |
| 28:42 | Create | Villager (Male) |
| 29:06 | Build | Farm |
| 29:16 | Build | Mill |
| 29:18 | Build | Farm |
| 29:19 | Create | Villager (Male) |
| 29:20 | Create | Villager (Male) |
| 29:40 | Create | Mameluke ×2 |
| 30:01 | Build | Farm |
| 30:05 | Build | Farm |
| 30:11 | Create | Villager (Male) |
| 30:12 | Create | Villager (Male) |
| 30:14 | Create | Villager (Male) |
| 30:15 | Create | Villager (Male) |
| 30:25 | Create | Mameluke |
| 30:26 | Create | Mameluke |
| 30:32 | Build | Barracks |
| 30:42 | Build | House |
| 30:43 | Build | House |
| 30:44 | Build | House |
| 30:44 | Build | House |
| 30:44 | Build | House |
| 30:44 | Build | House |
| 30:45 | Build | House |
| 30:45 | Build | House |
| 30:45 | Build | House |
| 30:45 | Build | House |
| 30:46 | Build | House |
| 30:49 | Build | Farm |
| 30:52 | Build | Farm |
| 30:53 | Create | Villager (Male) |
| 30:57 | Create | Villager (Male) |
| 30:58 | Create | Villager (Male) |
| 31:31 | Build | Farm |
| 31:34 | Build | Farm |
| 31:37 | Build | Farm |
| 31:46 | Create | Villager (Male) |
| 31:51 | Create | Villager (Male) |
| 31:51 | Create | Villager (Male) |
| 31:55 | Create | Villager (Male) |
| 31:55 | Create | Villager (Male) |
| 31:59 | Build | Farm |
| 32:02 | Create | Villager (Male) |
| 32:05 | Create | Villager (Male) |
| 32:33 | Build | Monastery |
| 32:42 | Create | Villager (Male) |
| 32:42 | Create | Villager (Male) |
| 32:44 | Create | Villager (Male) |
| 32:45 | Create | Villager (Male) |
| 32:47 | Create | Villager (Male) |
| 32:47 | Create | Villager (Male) |
| 33:24 | Create | Monk |
| 34:13 | Create | Villager (Male) |
Build order — FUfuu
First 150 of 346 actions detected
| 0:05 | Create | Villager (Male) |
| 0:05 | Create | Villager (Male) |
| 0:05 | Create | Villager (Male) |
| 0:06 | Create | Villager (Male) |
| 0:06 | Create | Villager (Male) |
| 0:06 | Create | Villager (Male) |
| 0:08 | Build | House |
| 0:12 | Build | House |
| 0:50 | Research | Loom |
| 1:37 | Create | Villager (Male) |
| 1:54 | Build | Lumber Camp |
| 2:13 | Create | Villager (Male) |
| 2:21 | Create | Villager (Male) |
| 3:09 | Create | Villager (Male) |
| 3:15 | Create | Villager (Male) |
| 3:45 | Create | Villager (Male) |
| 3:57 | Create | Villager (Male) |
| 4:07 | Build | Palisade Wall |
| 4:21 | Build | House |
| 4:35 | Create | Villager (Male) |
| 4:41 | Build | House |
| 4:57 | Build | House |
| 5:21 | Build | Mill |
| 5:22 | Create | Villager (Male) |
| 5:29 | Build | Palisade Wall |
| 5:40 | Create | Villager (Male) |
| 6:00 | Build | Palisade Wall |
| 6:32 | Create | Villager (Male) |
| 6:38 | Create | Villager (Male) |
| 6:46 | Create | Villager (Male) |
| 7:15 | Create | Villager (Male) |
| 7:43 | Create | Villager (Male) |
| 8:03 | Build | Mining Camp |
| 8:06 | Create | Villager (Male) |
| 8:16 | Create | Villager (Male) |
| 8:57 | Create | Villager (Male) |
| 9:03 | Build | Farm |
| 9:07 | Build | Farm |
| 9:51 | Research | Feudal Age |
| 11:07 | Build | Farm |
| 11:59 | Build | Farm |
| 12:03 | Age | Feudal Age |
| 12:13 | Build | Blacksmith |
| 12:19 | Build | Market |
| 12:24 | Create | Villager (Male) |
| 12:25 | Create | Villager (Male) |
| 13:23 | Research | Castle Age |
| 13:43 | Build | House |
| 13:44 | Build | House |
| 13:54 | Build | Barracks |
| 13:59 | Build | House |
| 14:02 | Build | House |
| 14:28 | Create | Villager (Male) |
| 14:49 | Build | Archery Range |
| 14:59 | Build | Archery Range |
| 15:31 | Build | Stone Wall |
| 15:38 | Create | Skirmisher |
| 15:38 | Create | Skirmisher |
| 15:39 | Create | Skirmisher |
| 15:43 | Build | Mining Camp |
| 15:43 | Create | Villager (Male) |
| 15:47 | Research | Double-Bit Axe |
| 16:03 | Age | Castle Age |
| 16:06 | Create | Villager (Male) |
| 16:13 | Create | Skirmisher |
| 16:19 | Create | Villager (Male) |
| 16:39 | Build | Siege Workshop |
| 16:56 | Build | Town Center |
| 16:59 | Create | Villager (Male) |
| 17:20 | Research | Stone Mining |
| 17:25 | Build | Farm |
| 17:41 | Create | Villager (Male) |
| 17:51 | Build | Farm |
| 18:11 | Create | Villager (Male) |
| 18:15 | Build | Farm |
| 18:22 | Build | Stone Wall |
| 18:31 | Build | Farm |
| 18:42 | Build | Farm |
| 18:48 | Create | Villager (Male) |
| 19:01 | Create | Villager (Male) |
| 19:08 | Build | Farm |
| 19:18 | Build | Farm |
| 19:19 | Create | Villager (Male) |
| 19:43 | Build | Farm |
| 19:45 | Create | Villager (Male) |
| 19:48 | Build | Farm |
| 19:49 | Create | Villager (Male) |
| 20:03 | Build | Barracks |
| 20:08 | Create | Villager (Male) |
| 20:14 | Create | Villager (Male) |
| 20:26 | Build | Farm |
| 20:26 | Create | Villager (Male) |
| 20:31 | Build | Farm |
| 20:31 | Create | Villager (Male) |
| 21:10 | Create | Villager (Male) |
| 21:10 | Create | Villager (Male) |
| 21:19 | Research | Wheelbarrow |
| 21:19 | Create | Villager (Male) |
| 21:39 | Build | Town Center |
| 21:42 | Create | Villager (Male) |
| 21:45 | Create | Villager (Male) |
| 21:55 | Build | Farm |
| 21:56 | Create | Villager (Male) |
| 22:03 | Create | Villager (Male) |
| 22:16 | Create | Villager (Male) |
| 22:23 | Create | Villager (Male) |
| 22:29 | Build | Farm |
| 22:29 | Create | Villager (Male) |
| 22:43 | Create | Villager (Male) |
| 22:54 | Build | Farm |
| 22:56 | Build | Farm |
| 22:59 | Build | Farm |
| 23:04 | Create | Villager (Male) |
| 23:08 | Create | Villager (Male) |
| 23:17 | Build | House |
| 23:17 | Build | House |
| 23:17 | Build | House |
| 23:17 | Build | House |
| 23:18 | Build | House |
| 23:18 | Build | House |
| 23:23 | Create | Villager (Male) |
| 23:26 | Create | Villager (Male) |
| 23:26 | Create | Villager (Male) |
| 23:31 | Build | Farm |
| 23:31 | Create | Villager (Male) |
| 23:37 | Build | Farm |
| 23:37 | Create | Villager (Male) |
| 23:47 | Build | Farm |
| 23:48 | Create | Villager (Male) |
| 23:50 | Create | Villager (Male) |
| 23:53 | Build | Farm |
| 23:54 | Create | Villager (Male) |
| 23:56 | Create | Villager (Male) |
| 24:15 | Research | Horse Collar |
| 24:23 | Build | House |
| 24:23 | Build | House |
| 24:23 | Build | House |
| 24:24 | Build | House |
| 24:24 | Build | House |
| 24:25 | Build | House |
| 24:25 | Build | House |
| 24:26 | Build | House |
| 24:26 | Build | House |
| 24:28 | Create | Villager (Male) |
| 24:36 | Research | Bow Saw |
| 24:42 | Research | Gold Mining |
| 25:09 | Research | Stone Shaft Mining |
| 25:24 | Build | Castle |
| 25:26 | Create | Villager (Male) |
| 25:30 | Create | Villager (Male) |
Build order — 來一杯玫瑰舒暢
First 150 of 455 actions detected
| 0:11 | Build | House |
| 0:15 | Build | House |
| 0:16 | Create | Villager (Male) |
| 0:16 | Create | Villager (Male) |
| 0:17 | Create | Villager (Male) |
| 0:17 | Create | Villager (Male) |
| 0:17 | Create | Villager (Male) |
| 1:46 | Create | Villager (Male) |
| 1:47 | Create | Villager (Male) |
| 2:38 | Create | Villager (Male) |
| 2:39 | Create | Villager (Male) |
| 3:04 | Create | Villager (Male) |
| 3:05 | Create | Villager (Male) |
| 3:43 | Build | House |
| 3:45 | Build | House |
| 3:55 | Create | Villager (Male) |
| 3:56 | Create | Villager (Male) |
| 3:59 | Create | Villager (Male) |
| 4:00 | Create | Villager (Male) |
| 4:00 | Create | Villager (Male) |
| 4:01 | Create | Villager (Male) |
| 4:01 | Create | Villager (Male) |
| 4:26 | Build | Mining Camp |
| 5:10 | Create | Villager (Male) |
| 5:11 | Create | Villager (Male) |
| 5:45 | Create | Villager (Male) |
| 5:45 | Create | Villager (Male) |
| 5:45 | Create | Villager (Male) |
| 5:45 | Create | Villager (Male) |
| 5:46 | Create | Villager (Male) |
| 6:36 | Create | Villager (Male) |
| 6:36 | Create | Villager (Male) |
| 6:47 | Build | Mill |
| 6:53 | Create | Villager (Male) |
| 6:53 | Create | Villager (Male) |
| 7:43 | Create | Villager (Male) |
| 7:43 | Create | Villager (Male) |
| 7:43 | Create | Villager (Male) |
| 7:44 | Create | Villager (Male) |
| 7:44 | Create | Villager (Male) |
| 7:57 | Build | Mill |
| 8:01 | Create | Villager (Male) |
| 8:01 | Create | Villager (Male) |
| 8:02 | Create | Villager (Male) |
| 8:02 | Create | Villager (Male) |
| 8:02 | Create | Villager (Male) |
| 9:22 | Research | Feudal Age |
| 9:36 | Research | Loom |
| 9:38 | Research | Feudal Age |
| 9:50 | Build | Lumber Camp |
| 11:08 | Build | Mill |
| 11:20 | Build | House |
| 11:23 | Create | Villager (Male) |
| 11:23 | Create | Villager (Male) |
| 11:24 | Create | Villager (Male) |
| 12:12 | Build | Lumber Camp |
| 12:21 | Age | Feudal Age |
| 13:24 | Build | Blacksmith |
| 13:40 | Create | Villager (Male) |
| 13:53 | Create | Villager (Male) |
| 14:16 | Build | Market |
| 14:26 | Build | House |
| 14:38 | Create | Villager (Male) |
| 14:56 | Create | Villager (Male) |
| 15:02 | Build | Mining Camp |
| 15:16 | Research | Castle Age |
| 15:40 | Build | House |
| 15:43 | Build | House |
| 15:44 | Build | House |
| 15:47 | Build | House |
| 15:57 | Research | Double-Bit Axe |
| 15:57 | Research | Double-Bit Axe |
| 16:01 | Research | Horse Collar |
| 16:01 | Research | Horse Collar |
| 16:04 | Create | Villager (Male) |
| 16:04 | Create | Villager (Male) |
| 16:04 | Create | Villager (Male) |
| 16:30 | Build | Farm |
| 16:35 | Build | Farm |
| 16:44 | Build | Lumber Camp |
| 16:57 | Research | Stone Mining |
| 17:16 | Build | Mining Camp |
| 17:33 | Build | Farm |
| 17:50 | Build | Farm |
| 17:50 | Build | Farm |
| 17:51 | Build | Farm |
| 17:51 | Build | Farm |
| 17:51 | Build | Farm |
| 17:51 | Build | Farm |
| 18:01 | Age | Castle Age |
| 18:05 | Create | Villager (Male) |
| 18:32 | Build | Farm |
| 19:01 | Build | Farm |
| 19:06 | Create | Villager (Male) |
| 19:06 | Create | Villager (Male) |
| 19:16 | Build | Town Center |
| 19:19 | Create | Villager (Male) |
| 19:20 | Create | Villager (Male) |
| 19:24 | Build | Farm |
| 19:27 | Create | Villager (Male) |
| 19:28 | Create | Villager (Male) |
| 19:28 | Create | Villager (Male) |
| 19:47 | Build | Town Center |
| 19:54 | Build | Farm |
| 19:55 | Create | Villager (Male) |
| 19:55 | Create | Villager (Male) |
| 19:56 | Create | Villager (Male) |
| 20:10 | Build | House |
| 20:11 | Build | House |
| 20:16 | Build | Farm |
| 20:17 | Create | Villager (Male) |
| 20:18 | Create | Villager (Male) |
| 20:46 | Build | Market |
| 20:48 | Create | Villager (Male) |
| 20:48 | Create | Villager (Male) |
| 20:48 | Create | Villager (Male) |
| 20:49 | Create | Villager (Male) |
| 21:00 | Build | House |
| 21:05 | Build | House |
| 21:06 | Build | House |
| 21:11 | Build | Farm |
| 21:12 | Create | Villager (Male) |
| 21:12 | Create | Villager (Male) |
| 21:14 | Create | Villager (Male) |
| 21:23 | Create | Villager (Male) |
| 21:24 | Create | Villager (Male) |
| 21:29 | Build | Farm |
| 21:40 | Research | Wheelbarrow |
| 21:41 | Create | Villager (Male) |
| 21:42 | Create | Villager (Male) |
| 21:53 | Create | Villager (Male) |
| 21:53 | Create | Villager (Male) |
| 22:09 | Create | Villager (Male) |
| 22:10 | Create | Villager (Male) |
| 22:36 | Build | Town Center |
| 22:37 | Create | Villager (Male) |
| 22:38 | Create | Villager (Male) |
| 22:38 | Create | Villager (Male) |
| 22:38 | Create | Villager (Male) |
| 22:38 | Create | Villager (Male) |
| 22:52 | Build | Mining Camp |
| 22:53 | Create | Villager (Male) |
| 22:54 | Create | Villager (Male) |
| 22:54 | Create | Villager (Male) |
| 22:54 | Create | Villager (Male) |
| 23:10 | Create | Villager (Male) |
| 23:10 | Create | Villager (Male) |
| 23:34 | Build | House |
| 23:35 | Build | House |
| 23:40 | Create | Villager (Male) |
Build order — Nack18 CL
First 150 of 261 actions detected
| 0:03 | Create | Villager (Male) |
| 0:03 | Create | Villager (Male) |
| 0:04 | Create | Villager (Male) |
| 0:06 | Build | House |
| 0:09 | Build | House |
| 0:16 | Build | House |
| 0:17 | Build | House |
| 0:29 | Research | Loom |
| 0:29 | Create | Villager (Male) |
| 0:30 | Create | Villager (Male) |
| 0:30 | Create | Villager (Male) |
| 0:31 | Create | Villager (Male) |
| 1:29 | Build | Palisade Wall |
| 2:06 | Build | Palisade Wall |
| 3:01 | Build | Palisade Gate |
| 3:50 | Create | Villager (Male) |
| 3:50 | Create | Villager (Male) |
| 4:46 | Create | Villager (Male) |
| 4:46 | Create | Villager (Male) |
| 5:12 | Create | Villager (Male) |
| 5:12 | Create | Villager (Male) |
| 5:42 | Create | Villager (Male) |
| 5:43 | Create | Villager (Male) |
| 5:48 | Create | Villager (Male) |
| 5:49 | Create | Villager (Male) |
| 7:00 | Build | Lumber Camp |
| 7:12 | Create | Villager (Male) |
| 7:12 | Create | Villager (Male) |
| 7:17 | Create | Villager (Male) |
| 7:46 | Create | Villager (Male) |
| 7:46 | Create | Villager (Male) |
| 8:31 | Create | Villager (Male) |
| 8:32 | Create | Villager (Male) |
| 8:32 | Create | Villager (Male) |
| 8:44 | Create | Villager (Male) |
| 8:44 | Create | Villager (Male) |
| 9:18 | Build | Mill |
| 9:22 | Create | Villager (Male) |
| 10:21 | Create | Villager (Male) |
| 10:22 | Create | Villager (Male) |
| 10:45 | Build | Barracks |
| 10:51 | Create | Villager (Male) |
| 11:17 | Build | House |
| 11:18 | Build | House |
| 11:27 | Create | Villager (Male) |
| 11:27 | Create | Villager (Male) |
| 11:56 | Build | House |
| 12:04 | Create | Militia |
| 12:04 | Create | Militia |
| 12:05 | Create | Militia |
| 12:48 | Create | Villager (Male) |
| 12:48 | Create | Villager (Male) |
| 13:34 | Create | Villager (Male) |
| 14:07 | Create | Villager (Male) |
| 14:12 | Research | Feudal Age |
| 14:58 | Build | Mill |
| 16:24 | Build | Mining Camp |
| 16:42 | Age | Feudal Age |
| 16:52 | Build | Stone Wall |
| 16:59 | Build | Gate |
| 17:06 | Create | Villager (Male) |
| 17:06 | Create | Villager (Male) |
| 17:06 | Create | Villager (Male) |
| 17:07 | Create | Villager (Male) |
| 17:07 | Create | Villager (Male) |
| 17:09 | Research | Double-Bit Axe |
| 17:21 | Build | Market |
| 17:26 | Build | Blacksmith |
| 17:39 | Create | Villager (Male) |
| 17:40 | Create | Villager (Male) |
| 17:40 | Create | Villager (Male) |
| 18:46 | Build | Mining Camp |
| 19:12 | Build | House |
| 19:22 | Build | Mining Camp |
| 19:30 | Build | House |
| 19:34 | Build | House |
| 19:47 | Research | Gold Mining |
| 19:56 | Research | Castle Age |
| 20:20 | Build | House |
| 20:22 | Build | House |
| 20:42 | Research | Horse Collar |
| 21:08 | Build | Farm |
| 21:56 | Research | Stone Mining |
| 22:11 | Create | Villager (Male) |
| 22:11 | Create | Villager (Male) |
| 22:11 | Create | Villager (Male) |
| 22:41 | Age | Castle Age |
| 22:49 | Build | Town Center |
| 23:00 | Build | Town Center |
| 23:06 | Build | Farm |
| 23:10 | Build | Farm |
| 23:11 | Build | Farm |
| 23:12 | Build | Farm |
| 23:34 | Build | Castle |
| 23:41 | Build | Farm |
| 24:04 | Build | Farm |
| 24:19 | Create | Villager (Male) |
| 24:19 | Create | Villager (Male) |
| 24:23 | Create | Villager (Male) |
| 24:39 | Create | Villager (Male) |
| 24:39 | Create | Villager (Male) |
| 24:39 | Create | Villager (Male) |
| 24:39 | Create | Villager (Male) |
| 24:40 | Create | Villager (Male) |
| 24:51 | Create | Villager (Male) |
| 24:51 | Create | Villager (Male) |
| 25:16 | Create | Villager (Male) |
| 25:16 | Create | Villager (Male) |
| 25:21 | Create | Villager (Male) |
| 25:29 | Build | Farm |
| 25:30 | Build | Farm |
| 25:32 | Build | Farm |
| 25:34 | Build | Farm |
| 25:37 | Build | Farm |
| 25:38 | Build | Farm |
| 25:41 | Build | Farm |
| 25:51 | Build | Farm |
| 25:53 | Build | Farm |
| 25:55 | Build | Farm |
| 26:02 | Create | Villager (Male) |
| 26:02 | Create | Villager (Male) |
| 26:08 | Create | Villager (Male) |
| 26:33 | Create | Villager (Male) |
| 26:36 | Create | Villager (Male) |
| 26:36 | Create | Villager (Male) |
| 26:42 | Build | Farm |
| 26:43 | Build | Farm |
| 26:46 | Build | Farm |
| 26:56 | Build | Farm |
| 27:09 | Build | Mining Camp |
| 27:24 | Build | Stone Wall |
| 27:26 | Build | Stone Wall |
| 27:35 | Create | Villager (Male) |
| 27:35 | Create | Villager (Male) |
| 27:35 | Create | Villager (Male) |
| 27:35 | Create | Villager (Male) |
| 27:36 | Create | Villager (Male) |
| 27:36 | Create | Villager (Male) |
| 27:39 | Create | Villager (Male) |
| 27:53 | Create | Villager (Male) |
| 27:53 | Create | Villager (Male) |
| 27:53 | Create | Villager (Male) |
| 28:02 | Build | Siege Workshop |
| 28:03 | Build | Siege Workshop |
| 28:08 | Create | Villager (Male) |
| 28:08 | Create | Villager (Male) |
| 28:13 | Create | Villager (Male) |
| 28:32 | Research | Bow Saw |
| 28:44 | Create | Villager (Male) |
| 28:44 | Create | Villager (Male) |
Build order — youngchuan
First 150 of 251 actions detected
| 0:08 | Research | Loom |
| 0:10 | Create | Villager (Male) |
| 0:10 | Create | Villager (Male) |
| 0:10 | Create | Villager (Male) |
| 0:11 | Create | Villager (Male) |
| 0:14 | Create | Villager (Male) |
| 0:14 | Create | Villager (Male) |
| 0:46 | Build | Palisade Wall |
| 2:12 | Build | Palisade Wall |
| 2:58 | Build | House |
| 3:01 | Build | House |
| 3:16 | Build | Palisade Gate |
| 3:51 | Create | Villager (Male) |
| 3:51 | Create | Villager (Male) |
| 4:23 | Build | House |
| 4:25 | Build | House |
| 5:01 | Create | Villager (Male) |
| 5:01 | Create | Villager (Male) |
| 5:01 | Create | Villager (Male) |
| 5:10 | Build | House |
| 5:12 | Build | House |
| 5:14 | Build | House |
| 5:15 | Build | House |
| 6:11 | Create | Villager (Male) |
| 6:11 | Create | Villager (Male) |
| 6:12 | Create | Villager (Male) |
| 6:34 | Build | Mill |
| 7:21 | Create | Villager (Male) |
| 7:21 | Create | Villager (Male) |
| 7:22 | Create | Villager (Male) |
| 7:22 | Create | Villager (Male) |
| 7:22 | Create | Villager (Male) |
| 8:23 | Create | Villager (Male) |
| 8:23 | Create | Villager (Male) |
| 8:23 | Create | Villager (Male) |
| 8:59 | Create | Villager (Male) |
| 8:59 | Create | Villager (Male) |
| 9:49 | Build | Lumber Camp |
| 10:05 | Create | Villager (Male) |
| 10:05 | Create | Villager (Male) |
| 10:05 | Create | Villager (Male) |
| 10:06 | Create | Villager (Male) |
| 10:07 | Create | Villager (Male) |
| 10:08 | Create | Villager (Male) |
| 10:08 | Create | Villager (Male) |
| 12:18 | Build | Mill |
| 13:19 | Research | Feudal Age |
| 13:19 | Research | Feudal Age |
| 14:36 | Create | Villager (Male) |
| 14:36 | Create | Villager (Male) |
| 15:22 | Age | Feudal Age |
| 15:29 | Build | Market |
| 15:34 | Build | Blacksmith |
| 16:00 | Build | Stone Wall |
| 16:13 | Build | Gate |
| 16:48 | Build | Stone Wall |
| 16:54 | Build | Stone Wall |
| 17:47 | Build | Gate |
| 17:59 | Build | Farm |
| 18:01 | Build | Farm |
| 18:02 | Build | Farm |
| 18:04 | Build | Farm |
| 18:05 | Build | Farm |
| 18:07 | Build | Farm |
| 18:09 | Build | Farm |
| 18:11 | Build | Farm |
| 18:24 | Research | Castle Age |
| 18:45 | Build | Gate |
| 19:07 | Build | Stone Wall |
| 19:10 | Build | Stone Wall |
| 19:14 | Build | Stone Wall |
| 19:32 | Build | Stone Wall |
| 19:39 | Build | Gate |
| 19:54 | Build | Stone Wall |
| 20:05 | Research | Double-Bit Axe |
| 20:16 | Build | House |
| 20:18 | Build | House |
| 20:23 | Build | House |
| 20:48 | Research | Horse Collar |
| 20:49 | Age | Castle Age |
| 21:02 | Build | Mining Camp |
| 21:34 | Build | Farm |
| 21:57 | Build | Palisade Wall |
| 22:42 | Build | Gate |
| 22:50 | Build | Stone Wall |
| 23:04 | Create | Villager (Male) |
| 23:04 | Create | Villager (Male) |
| 23:04 | Create | Villager (Male) |
| 23:05 | Create | Villager (Male) |
| 23:05 | Create | Villager (Male) |
| 23:06 | Create | Villager (Male) |
| 23:06 | Create | Villager (Male) |
| 23:06 | Create | Villager (Male) |
| 23:06 | Create | Villager (Male) |
| 23:07 | Create | Villager (Male) |
| 23:15 | Research | Stone Mining |
| 23:25 | Build | House |
| 23:29 | Build | House |
| 23:38 | Create | Villager (Male) |
| 23:38 | Create | Villager (Male) |
| 23:39 | Create | Villager (Male) |
| 23:39 | Create | Villager (Male) |
| 23:50 | Research | Bow Saw |
| 24:01 | Build | Siege Workshop |
| 24:40 | Research | Stone Shaft Mining |
| 24:59 | Build | Barracks |
| 25:08 | Build | House |
| 25:10 | Build | House |
| 25:12 | Build | House |
| 25:14 | Build | House |
| 26:14 | Build | House |
| 26:47 | Build | Mining Camp |
| 27:03 | Build | Farm |
| 27:05 | Create | Villager (Male) |
| 27:05 | Create | Villager (Male) |
| 27:06 | Create | Villager (Male) |
| 27:06 | Create | Villager (Male) |
| 27:06 | Create | Villager (Male) |
| 27:07 | Create | Villager (Male) |
| 27:07 | Create | Villager (Male) |
| 27:07 | Create | Villager (Male) |
| 27:08 | Create | Villager (Male) |
| 27:21 | Build | Archery Range |
| 27:27 | Build | Archery Range |
| 28:01 | Build | Castle |
| 28:30 | Build | Town Center |
| 28:55 | Research | Wheelbarrow |
| 29:10 | Research | Fletching |
| 29:11 | Research | Padded Archer Armor |
| 29:31 | Research | Heavy Plow |
| 29:49 | Build | Farm |
| 29:51 | Build | Farm |
| 29:53 | Build | Farm |
| 30:06 | Create | Villager (Male) |
| 30:07 | Create | Villager (Male) |
| 30:07 | Create | Villager (Male) |
| 30:09 | Create | Villager (Male) |
| 30:09 | Create | Villager (Male) |
| 30:24 | Build | House |
| 30:25 | Build | House |
| 30:27 | Build | House |
| 30:37 | Build | Farm |
| 30:49 | Build | Farm |
| 31:19 | Build | Lumber Camp |
| 31:30 | Build | House |
| 31:32 | Build | House |
| 31:35 | Build | Farm |
| 31:35 | Build | Farm |
| 32:02 | Research | Kamandaran |
| 32:10 | Build | House |
Match timeline
| 0:46 | youngchuan · wall_segment Palisade Wall x8 |
| 0:50 | carlos434 · wall_segment Palisade Wall x13 |
| 1:29 | Nack18 CL · wall_segment Palisade Wall x20 |
| 2:06 | Nack18 CL · wall_segment Palisade Wall x9 |
| 2:12 | youngchuan · wall_segment Palisade Wall x14 |
| 4:07 | FUfuu · wall_segment Palisade Wall x9 |
| 5:29 | FUfuu · wall_segment Palisade Wall x26 |
| 6:00 | FUfuu · wall_segment Palisade Wall x16 |
| 10:45 | Nack18 CL · first_building Barracks |
| 10:55 | Mr.Young · age_up feudal |
| 10:56 | traveller · first_building Barracks |
| 12:03 | FUfuu · age_up feudal |
| 12:21 | 來一杯玫瑰舒暢 · age_up feudal |
| 12:49 | traveller · age_up feudal |
| 13:54 | FUfuu · first_building Barracks |
| 14:28 | traveller · first_market_buy 100 food |
| 14:49 | FUfuu · first_building Archery Range |
| 15:22 | youngchuan · age_up feudal |
| 15:23 | carlos434 · age_up feudal |
| 15:31 | FUfuu · wall_segment Stone Wall x18 |
| 16:00 | youngchuan · wall_segment Stone Wall x5 |
| 16:03 | FUfuu · age_up castle |
| 16:11 | Mr.Young · age_up castle |
| 16:39 | FUfuu · first_building Siege Workshop |
| 16:42 | Nack18 CL · age_up feudal |
| 16:47 | yougetcs · age_up feudal |
| 16:48 | youngchuan · wall_segment Stone Wall x3 |
| 16:52 | Nack18 CL · wall_segment Stone Wall x11 |
| 16:54 | youngchuan · wall_segment Stone Wall x5 |
| 17:11 | traveller · age_up castle |
| 18:01 | 來一杯玫瑰舒暢 · age_up castle |
| 18:19 | youngchuan · first_market_sell 100 wood |
| 18:22 | FUfuu · wall_segment Stone Wall x5 |
| 18:50 | Nack18 CL · first_market_sell 100 wood |
| 18:52 | Nack18 CL · first_market_buy 100 food |
| 18:54 | traveller · first_building Monastery |
| 19:07 | youngchuan · wall_segment Stone Wall x12 |
| 19:10 | youngchuan · wall_segment Stone Wall x1 |
| 19:14 | youngchuan · wall_segment Stone Wall x1 |
| 19:32 | youngchuan · wall_segment Stone Wall x2 |
| 19:54 | youngchuan · wall_segment Stone Wall x3 |
| 20:49 | youngchuan · age_up castle |
| 21:57 | youngchuan · wall_segment Palisade Wall x9 |
| 21:58 | carlos434 · age_up castle |
| 22:19 | yougetcs · age_up castle |
| 22:39 | carlos434 · first_market_buy 100 stone |
| 22:41 | Nack18 CL · age_up castle |
| 22:50 | youngchuan · wall_segment Stone Wall x1 |
| 23:05 | carlos434 · first_building Castle |
| 23:34 | Nack18 CL · first_building Castle |
| 23:45 | traveller · first_building Castle |
| 24:01 | youngchuan · first_building Siege Workshop |
| 24:02 | 來一杯玫瑰舒暢 · first_building Castle |
| 24:24 | Mr.Young · first_building Monastery |
| 24:59 | youngchuan · first_building Barracks |
| 25:24 | FUfuu · first_building Castle |
| 25:33 | Mr.Young · first_market_sell 500 wood |
| 27:21 | youngchuan · first_building Archery Range |
| 27:24 | Nack18 CL · wall_segment Stone Wall x8 |
| 27:26 | Nack18 CL · wall_segment Stone Wall x5 |
| 28:01 | youngchuan · first_building Castle |
| 28:02 | Nack18 CL · first_building Siege Workshop |
| 28:30 | 來一杯玫瑰舒暢 · first_building Barracks |
| 28:57 | Mr.Young · age_up imperial |
| 29:11 | Mr.Young · first_building Castle |
| 29:37 | FUfuu · first_market_sell 100 food |
| 29:44 | Nack18 CL · wall_segment Stone Wall x7 |
| 29:46 | Nack18 CL · wall_segment Stone Wall x5 |
| 29:52 | 來一杯玫瑰舒暢 · first_building Stable |
| 29:56 | Nack18 CL · wall_segment Stone Wall x12 |
| 30:00 | Nack18 CL · wall_segment Stone Wall x11 |
| 30:05 | Nack18 CL · wall_segment Stone Wall x11 |
| 30:24 | 來一杯玫瑰舒暢 · first_market_buy 100 food |
| 30:32 | carlos434 · first_building Barracks |
| 30:45 | 來一杯玫瑰舒暢 · first_building Siege Workshop |
| 31:21 | traveller · age_up imperial |
| 31:46 | Mr.Young · first_building Siege Workshop |
| 32:33 | carlos434 · first_building Monastery |
| 32:51 | FUfuu · age_up imperial |
| 33:32 | FUfuu · wall_segment Stone Wall x4 |
| 33:52 | 來一杯玫瑰舒暢 · age_up imperial |
| 34:03 | yougetcs · first_building Barracks |
| 34:23 | FUfuu · first_building Monastery |
| 34:52 | 來一杯玫瑰舒暢 · first_building Archery Range |
| 35:52 | yougetcs · first_building Monastery |
| 36:02 | FUfuu · wall_segment Stone Wall x5 |
| 36:05 | FUfuu · wall_segment Stone Wall x6 |
| 36:17 | yougetcs · first_market_sell 100 food |
| 36:17 | carlos434 · first_building Stable |
| 37:27 | youngchuan · wall_segment Stone Wall x5 |
| 37:30 | carlos434 · first_market_sell 500 stone |
| 38:26 | FUfuu · wall_segment Stone Wall x6 |
| 38:47 | yougetcs · first_building Castle |
| 39:06 | carlos434 · age_up imperial |
| 39:52 | yougetcs · resign |
[ AI ANALYSIS · 1 CREDIT ]
What really happened in this match?
Wolo.gg analyzes every decision: build order, eco, micro, common mistakes by bracket. Personalized analysis on WhatsApp or Discord in 30 seconds.
Civ guide
Goths
Map guide
Black Forest
Perfil
Jugador #1908436